 Dungeon Crawl Stone Soup version 0.22.1-2-g9c5b331383 (webtiles) character file.

44 Acheron the Sneak (level 3, -7/24 HPs)
             Began as an Octopode Assassin on Dec 30, 2018.
             Mangled by Crazy Yiuf
             ... wielding a +3 quarterstaff of chaos
              (13 damage)
             ... on level 2 of the Dungeon.
             The game lasted 00:07:50 (1327 turns).

Acheron the Sneak (Octopode Assassin)               Turns: 1327, Time: 00:07:50

Health: -7/24      AC:  1    Str: 11    XL:     3   Next: 62%
Magic:  1/4        EV: 13    Int: 13    God:
Gold:   56         SH:  0    Dex: 13    Spells: 3/3 levels left

rFire    . . .     SeeInvis .   a - +2 dagger
rCold    . . .     Gourm    .   (no shield)
rNeg     . . .     Faith    .   (helmet restricted)
rPois    .         Spirit   .   (no amulet)
rElec    .         Reflect  .   (no ring)
rCorr    .         Harm     .   (no ring)
MR       .....                  (no ring)
Stlth    ++++......             (no ring)
HPRegen  0.08/turn              (no ring)
MPRegen  0.09/turn              (no ring)
                                (no ring)
                                (no ring)

@: no status effects
A: almost no armour, stealthy swim, amphibious, 8 rings, constrict 8, camouflage
1, gelatinous body 1
a: no special abilities


You were on level 2 of the Dungeon.
You were not hungry.

You visited 1 branch of the dungeon, and saw 2 of its levels.

You collected 56 gold pieces.

Inventory:

Hand Weapons
 a - a +2 dagger (weapon)
 b - a +0 blowgun
 i - a +0 hand axe
   (You found it on level 2 of the Dungeon)
 q - a +0 blowgun
   (You found it on level 2 of the Dungeon)
Missiles
 c - 8 poisoned needles
 d - 2 curare-tipped needles {!f}
 g - 44 stones (quivered)
Jewellery
 k - an uncursed ring of ice
   (You found it on level 1 of the Dungeon)
 l - an uncursed amulet of faith {unknown}
   (You found it on level 1 of the Dungeon)
Scrolls
 f - a scroll of noise {unknown}
 j - a scroll of immolation {unknown}
 n - 2 scrolls of remove curse {@r2}
 o - a scroll of fog {unknown}
 r - a scroll of teleportation {unknown}
Potions
 p - a potion of degeneration {unknown}
Comestibles
 e - 4 rations {!d}
 m - a chunk of flesh


   Skills:
 + Level 2.3 Fighting
 + Level 2.3 Short Blades
 + Level 0.9 Axes
 + Level 2.3 Throwing
 + Level 1.5 Dodging
 + Level 5.5 Stealth
 + Level 0.7 Spellcasting


You had 3 spell levels left.
You didn't know any spells.
Your spell library was empty.

Dungeon Overview and Level Annotations

Branches:
Dungeon (2/15)

Altars:

Annotations:
D:2 Crazy Yiuf


Innate Abilities, Weirdness & Mutations

You cannot wear most types of armour.
You are very stealthy in the water. (Stealth+)
You are amphibious.
You can wear up to eight rings at the same time.
You can use your tentacles to constrict eight enemies at once.
Your skin changes colour to match your surroundings (Stealth+).
Your rubbery body absorbs attacks. (AC +1, EV +1)


Message History

The bat hits you but does no damage.
The bat struggles to escape constriction. x2
You hit the bat.
You kill the bat!
m - 3 chunks of flesh (gained 1)
Found a ring mail.
There is an escape hatch in the ceiling here.
Found an escape hatch in the floor.
Found a scroll labeled QIKHUI XUBEST and a scroll labeled LAQUQER GUME.
p - a lumpy black potion You see here a blowgun.
q - a blowgun
n - 3 scrolls labeled QIKHUI XUBEST (gained 1)
r - a scroll labeled LAQUQER GUME Some of the chunks of flesh in your inventory have rotted away.
There is an escape hatch in the floor here.
You open the door.
Crazy Yiuf the Enlightened comes into view.
He is wielding a quarterstaff of
Found a mace.
As you read the scroll labeled QIKHUI XUBEST, it crumbles to dust.
You feel blessed for a moment.
It was a scroll of remove curse.
Unknown command.
Put on which piece of jewellery? (? for menu, Esc to quit)
Okay, then.
As you read the scroll labeled WOUWNE TEUMEXT, it crumbles to dust.
You assume a fearsome visage.
Crazy Yiuf looks frightened!
Crazy Yiuf shouts!
It was a scroll of fear.
There is an open door here.
Cornered, Crazy Yiuf turns to fight!
Crazy Yiuf hits you with a quarterstaff of chaos.
You feel your power leaking away.
You closely miss Crazy Yiuf. You grab Crazy Yiuf. You constrict Crazy Yiuf.
Crazy Yiuf hits you with a quarterstaff of chaos.
You feel your power leaking away.
You hit Crazy Yiuf but do no damage.
You squeeze Crazy Yiuf, but do no damage.
You constrict Crazy Yiuf. You hit Crazy Yiuf. You constrict Crazy Yiuf.
Crazy Yiuf screams, "Defame!
Iron koolooloo tortoise."
Crazy Yiuf barely misses you.
You hit Crazy Yiuf but do no damage. You squeeze Crazy Yiuf.
You constrict Crazy Yiuf.
Crazy Yiuf hits you with a quarterstaff of chaos!
* * * LOW HITPOINT WARNING * * *
Some of the chunks of flesh in your inventory have rotted away.
You hit Crazy Yiuf. You constrict Crazy Yiuf.
Crazy Yiuf hits you with a quarterstaff of chaos!
Ouch! That really hurt!
You die...

#.PP## #....
##.## ##...
#.## #... ##.#
##.. #.##
####.. ##.#
#..... ##'##
#..... #...#
#..... #..@#
#..... #..g#
########.....
#####
#............
#............
###..........[.
#...[..........
#.........#.##.
#.........#.##.
#..............


You could see Crazy Yiuf.

Vanquished Creatures
  An adder (D:2)
  6 bats
  3 hobgoblins (D:1)
  10 jackals (D:1)
  2 kobolds (D:1)
  4 goblins
  4 rats (D:1)
30 creatures vanquished.

Notes
Turn   | Place    | Note
-------+----------+-------------------------------------------
     0 | D:1      | Acheron the Octopode Assassin began the quest for the Orb.
     0 | D:1      | Reached XP level 1. HP: 14/14 MP: 1/1
   173 | D:1      | Reached XP level 2. HP: 17/19 MP: 2/2
   647 | D:1      | Reached XP level 3. HP: 13/24 MP: 3/3
  1313 | D:2      | Found a runed door.
  1317 | D:2      | Noticed Crazy Yiuf
  1327 | D:2      | Mangled by Crazy Yiuf

Action                   || total
-------------------------++-------
Melee: Dagger            ||    71
       Tentacles         ||    11
       Constrict         ||    14
  Use: Scroll            ||     3
       Potion            ||     1
 Stab: Sleeping          ||     5
  Eat: Chunk             ||     1
Armor: Skin              ||    24
Dodge: Dodged            ||    35
